 Dungeon Crawl Stone Soup version 0.25-a0-589-g1e14c54 (webtiles) character file.

Game seed: 4406083668899709634, levelgen mode: deterministic

1427 BlueFish the Grave Robber (level 8, -25/60 HPs)
             Began as a Mummy Necromancer on Mar 12, 2020.
             Killed from afar by Maggie (27 damage)
             ... with a bolt of fire
             ... on level 6 of the Dungeon on Mar 13, 2020.
             The game lasted 00:26:18 (7152 turns).

BlueFish the Grave Robber (Mummy Necromancer)       Turns: 7152, Time: 00:26:19

Health: -25/60     AC: 10    Str: 11    XL:     8   Next: 44%
Magic:  1/18       EV: 13    Int: 16    God:
Gold:   269        SH:  0    Dex: 13    Spells: 6/20 levels left

rFire    x . .     SeeInvis .   c - +0 whip
rCold    + . .     Gourm    .   (no shield)
rNeg     + + +     Faith    .   a - +0 robe
rPois    ∞         Spirit   .   (no helmet)
rElec    .         Reflect  .   (no cloak)
rCorr    .         Harm     .   i - +0 pair of gloves
MR       +....                  d - +1 pair of boots
Stlth    ++........             (no amulet)
HPRegen  0.20/turn              h - +5 ring of protection
MPRegen  0.16/turn              (no ring)

@: no status effects
A: no food or potions, fire vulnerability, cold resistance 1, negative energy
resistance 3, torment resistance, unbreathing
a: no special abilities


You were on level 6 of the Dungeon.
You were not hungry.

You visited 1 branch of the dungeon, and saw 6 of its levels.

You collected 269 gold pieces.

Inventory:

Hand Weapons
 b - a +0 club
 c - a +0 whip (weapon)
Armour
 a - a +0 robe (worn)
 d - a +1 pair of boots (worn)
 i - a +0 pair of gloves (worn)
Jewellery
 h - a +5 ring of protection (left hand)
Scrolls
 e - 3 scrolls of teleportation
 f - a scroll of enchant armour
 j - 3 scrolls of fog
 k - 2 scrolls of enchant weapon
 l - a scroll of immolation {unknown}


   Skills:
 * Level 4.2 Fighting
 + Level 2.4 Maces & Flails
 + Level 2.8 Dodging
 + Level 2.2 Stealth
 + Level 6.8 Spellcasting
 * Level 7.5 Necromancy


You had 6 spell levels left.
You knew the following spells:

 Your Spells              Type           Power        Failure   Level  Hunger
a - Pain                  Necr           ####         1%          1    N/A
b - Animate Skeleton      Necr           N/A          1%          1    N/A
c - Vampiric Draining     Necr           ####......   1%          3    N/A
d - Animate Dead          Necr           N/A          6%          4    N/A
e - Agony                 Necr           ####....     16%         5    N/A

Your spell library contained the following spells:

 Spells                   Type           Power        Failure   Level  Hunger


Dungeon Overview and Level Annotations

Branches:
Dungeon (6/15)
 Temple: D:4-7

Altars:
Ashenzari
Cheibriados
Dithmenos
Elyvilon
Fedhas
Gozag
Vehumet
Zin
The Shining One

Annotations:
D:2 Grinder
D:6 1 exclusion, Maggie


Innate Abilities, Weirdness & Mutations

You do not eat or drink.
Your flesh is vulnerable to fire.
You are immune to poison.
Your flesh is cold resistant. (rC+)
You are immune to negative energy. (rN+++)
You are immune to unholy pain and torment.
You can survive without breathing.


Message History

Maggie is almost dead.
You feel life coursing into your body.
Maggie practices a pose.
Maggie closely misses you. The crimson imp hits you.
You closely miss Maggie.
Maggie is almost dead.
Maggie hits you with a +2 morningstar of flaming!
* * * LOW HITPOINT WARNING * * *
Maggie burns you!
* * * LOW HITPOINT WARNING * * *
You can't drink.
Okay, then.
You completely miss Maggie.
Maggie is almost dead.
The crimson imp shouts, "Quit, thou surly tightly wound tombling!"
The crimson imp hits you.
* * * LOW HITPOINT WARNING * * *
Maggie gestures at you while chanting. The bolt of fire hits you!!
The fire burns you terribly!
You die...

#######..#....#
.....#...#....#
...Z.#...#....#
##...'...#....########
##...##..#...........#
#######..#...........#
Z....#...#...........#
.....#...#...........#
##...##..#......@5.>.#
##...##..#......@....#
##....# #...........#
#.....# #.....$.....#
#.....# #....<......#
'.....# #...........#
#.....# #...........#
####### #...........#


You could see Maggie and a crimson imp.

Vanquished Creatures
  Pikel (D:5)
  An orc warrior (D:5)
  A sky beast (D:5)
  A slave (D:4)
  3 ogres
  A centaur (D:5)
  A scorpion (D:5)
  2 crimson imps (D:6)
  A jelly (D:5)
  An orc wizard (D:6)
  2 orc priests (D:4)
  Natasha (twice) (D:2)
  A worker ant (D:4)
  A worker ant zombie (D:6)
  10 adders
  An ooze (D:2)
  An adder zombie (D:5)
  3 worms
  5 dart slugs
  2 leopard geckos
  5 orcs
  4 bats
  A giant cockroach (D:1)
  7 goblins
  3 hobgoblins
  8 jackals
  2 quokkas
  A ball python (D:1)
  6 frilled lizards
  11 kobolds
  A rat (D:2)
90 creatures vanquished.

Vanquished Creatures (collateral kills)
  A bullfrog (D:6)
  A leopard gecko (D:4)
  A hobgoblin (D:2)
  A quokka (D:2)
  A kobold (D:3)
5 creatures vanquished.

Vanquished Creatures (others)
  2 slaves (D:5)
  An orc wizard (D:5)
  An orc (D:5)
  A jackal (D:5)
5 creatures vanquished.

Grand Total: 100 creatures vanquished

Notes
Turn   | Place    | Note
-------+----------+-------------------------------------------
     0 | D:1      | BlueFish the Mummy Necromancer began the quest for the Orb.
     0 | D:1      | Reached XP level 1. HP: 13/13 MP: 4/4
    95 | D:1      | Learned a level 1 spell: Animate Skeleton
   165 | D:1      | Reached XP level 2. HP: 19/19 MP: 0/6
  1132 | D:2      | Reached XP level 3. HP: 25/25 MP: 4/7
  1134 | D:2      | Found a snail-covered altar of Cheibriados.
  1330 | D:2      | Learned a level 3 spell: Vampiric Draining
  1626 | D:2      | Found a blossoming altar of Fedhas.
  1629 | D:2      | Found an opulent altar of Gozag.
  1632 | D:2      | Found a glowing golden altar of the Shining One.
  1635 | D:2      | Found a white marble altar of Elyvilon.
  1668 | D:2      | Noticed Natasha
  2037 | D:2      | Killed Natasha
  2037 | D:2      | Reached skill level 1 in Fighting
  2037 | D:2      | Reached XP level 4. HP: 15/32 MP: 0/10
  3213 | D:3      | Noticed Grinder
  3234 | D:2      | Reached skill level 5 in Necromancy
  3417 | D:3      | Reached XP level 5. HP: 30/37 MP: 4/11
  3423 | D:3      | Learned a level 4 spell: Animate Dead
  3482 | D:3      | Paralysed by Grinder for 2 turns
  3505 | D:2      | Noticed Natasha
  3513 | D:2      | Killed Natasha
  3869 | D:4      | Noticed an ogre
  3943 | D:2      | Paralysed by Grinder for 2 turns
  4500 | D:4      | Killed an ogre
  4500 | D:4      | Reached XP level 6. HP: 40/46 MP: 2/12
  4508 | D:4      | Learned a level 5 spell: Agony
  4601 | D:4      | Reached skill level 5 in Spellcasting
  4654 | D:4      | Found a shattered altar of Ashenzari.
  5302 | D:5      | Entered Level 5 of the Dungeon
  5322 | D:5      | Found a radiant altar of Vehumet.
  5368 | D:5      | Noticed a sky beast
  5389 | D:5      | Killed a sky beast
  5389 | D:5      | Reached skill level 1 in Maces & Flails
  5525 | D:5      | Reached XP level 7. HP: 39/52 MP: 1/14
  5696 | D:5      | Found a shadowy altar of Dithmenos.
  5920 | D:5      | Reached skill level 6 in Necromancy
  6124 | D:5      | Noticed Pikel
  6142 | D:5      | Killed Pikel
  6142 | D:5      | Reached skill level 7 in Necromancy
  6142 | D:5      | Reached XP level 8. HP: 48/60 MP: 5/17
  6523 | D:5      | Found a white marble altar of Elyvilon.
  6575 | D:5      | Noticed an angel
  6577 | D:5      | Found a glowing silver altar of Zin.
  7133 | D:6      | Noticed Maggie
  7151 | D:6      | HP: 3/60 [Maggie/+2 morningstar of flaming (9)]
  7152 | D:6      | Killed from afar by Maggie

Levels and vault maps discovered:
D:1:      zelgadis_glass_arrival_small, layout_rooms, minivault_27,
          glass_columns_b
D:2:      layout_loops_corners, grunt_temple_overflow_cloverleaf,
          kennysheep_slug_shrine, uniq_natasha
D:3:      layout_basic, first_ration, uniq_grinder
D:4:      layout_gridville, ashenzari_altar_1
D:5:      layout_loops_ring, nicolae_overflow_crystal_walls, zin_angel,
          fiery_altar_vehumet, elyvilon_altar_3, uniq_pikel
D:6:      layout_gridville, okawaru_gym_becter, uniq_edmund, uniq_maggie

Skill      XL: |  1  2  3  4  5  6  7  8 |
---------------+-------------------------+-----
Spellcasting   | 3 4 5 6 |  6.8
Fighting       | 1 2 3 4 |  4.2
Necromancy     | 5 7 |  7.5
Stealth        | 2 |  2.2
Dodging        | 2 |  2.8
Maces & Flails | 1 2 |  2.4

Action                   |  1- 3 |  4- 6 |  7- 9 || total
-------------------------+-------+-------+-------++-------
Melee: Club              |    44 |   141 |       ||   185
       Whip              |       |    62 |   173 ||   235
 Cast: Pain              |    57 |     9 |    22 ||    88
       Animate Skeleton  |    13 |    15 |     1 ||    29
       Vampiric Draining |     6 |    27 |    19 ||    52
       Animate Dead      |       |     1 |     3 ||     4
  Use: Scroll            |     4 |     4 |     2 ||    10
 Stab: Sleeping          |     1 |     3 |       ||     4
       Distracted        |     1 |       |       ||     1
Armor: Robe              |     5 |    72 |    48 ||   125
Dodge: Dodged            |    38 |   165 |   108 ||   311

Table legend:
 A = Non-vault XP
 B = Vault XP
 C = Vault XP percentage of total XP
 D = Non-vault monster count
 E = Vault monster count
 F = Vault count percentage of total count
                 A         B        C        D         E       F
            +---------+---------+-------+---------+---------+-------
      Total |    1407 |     632 |  31.0 |      91 |       3 |   3.2
            +---------+---------+-------+---------+---------+-------
        D:1 |      24 |       0 |   0.0 |      15 |       0 |   0.0
        D:2 |      98 |      39 |  28.5 |      22 |       2 |   8.3
        D:3 |      88 |       0 |   0.0 |      18 |       0 |   0.0
        D:4 |     278 |       0 |   0.0 |      16 |       0 |   0.0
        D:5 |     579 |     593 |  50.6 |      11 |       1 |   8.3
        D:6 |     340 |       0 |   0.0 |       9 |       0 |   0.0
            +---------+---------+-------+---------+---------+-------
